 Dungeon Crawl Stone Soup version 0.26-a0-642-g67e9924 (webtiles) character file.

Game seed: 1710217774399606660

4 ringo67 the Sneak (level 1, 0/11 HPs)
             Began as a Vine Stalker Brigand on Sept 21, 2020.
             Slain by a ball python (1 damage)
             ... on level 1 of the Dungeon.
             The game lasted 00:01:04 (461 turns).

ringo67 the Sneak (Vine Stalker Brigand)             Turns: 461, Time: 00:01:04

Health: 0/11       AC:  3    Str: 13    XL:     1   Next: 70%
Magic:  0/2        EV:  8    Int: 11    God:
Gold:   27         SH:  0    Dex: 15    Spells: 0/0 levels left

rFire    . . .     SeeInvis .   a - +2 dagger
rCold    . . .     Faith    .   (no shield)
rNeg     . . .     Spirit   +   b - +0 robe
rPois    .         Reflect  .   (no helmet)
rElec    .         Harm     .   c - +0 cloak
rCorr    .         Rampage  .   (no gloves)
MR       .....                  (no boots)
Stlth    +++.......             (no amulet)
HPRegen  0.03/turn              (no ring)
MPRegen  0.08/turn              (no ring)

@: constricted
A: fangs 2, magic shield, antimagic bite, no potion heal 3, rot immunity
a: no special abilities


You were on level 1 of the Dungeon.
You visited 1 branch of the dungeon, and saw 1 of its levels.

You collected 27 gold pieces.

Inventory:

Hand Weapons
 a - a +2 dagger (weapon)
Missiles
 d - 4 poisoned darts (quivered)
 e - 2 curare-tipped darts
 f - 6 atropa-tipped darts
Armour
 b - a +0 robe (worn)
 c - a +0 cloak (worn)
Scrolls
 h - a scroll of identify {unknown}
Potions
 g - a potion of curing {unknown}


   Skills:
 + Level 1.8 Fighting
 + Level 1.8 Short Blades
 + Level 1.8 Throwing
 - Level 0.7 Dodging
 * Level 5.0 Stealth


You couldn't memorise any spells.
You didn't know any spells.
Your spell library was empty.

Dungeon Overview and Level Annotations

Branches:
Dungeon (1/15)

Altars:


Innate Abilities, Weirdness & Mutations

You have extremely sharp teeth.
When hurt, damage is shared between your health and your magic reserves.
Your bite disrupts and absorbs the magic of your enemies.
Potions cannot restore your health.
You are immune to rotting.


Message History

Aim: a ball python (constricting you)
You throw a poisoned dart.
The poisoned dart closely misses the ball python.
The ball python closely misses you.
* * * LOW HITPOINT WARNING * * *
The ball python constricts you.
Throwing (i - inventory. (/) - cycle)
d - 6 poisoned darts (quivered)
Press: ? - help, Shift-Dir - straight line, f/p - ball python
Aim: a ball python (constricting you)
You throw a poisoned dart.
The poisoned dart closely misses the ball python.
The ball python barely misses you.
* * * LOW HITPOINT WARNING * * *
The ball python constricts you.
Throwing (i - inventory. (/) - cycle)
d - 5 poisoned darts (quivered)
Press: ? - help, Shift-Dir - straight line, f/p - ball python
Aim: a ball python (constricting you)
You throw a poisoned dart. The poisoned dart hits the ball python.
The ball python is poisoned.
The ball python bites you.
You die...

# #. ... # #... .(.
######.#.#.## #.#
......... .... #.# .#
#.##.#.#.#.##.##.#####?.#
#.........#........!g...#
#...........#......[.S)#
#(...###..#.####S#######
(............###@#
#...#####........# #...#
#....##### #...#####.#[##
#.........#.#
..#.....)...#
###########.#
............#
#############


You could see a ball python (poisoned).

Vanquished Creatures
  A goblin (D:1)
  A hobgoblin (D:1)
  A kobold (D:1)
  A frilled lizard (D:1)
4 creatures vanquished.

Notes
Turn   | Place    | Note
-------+----------+-------------------------------------------
     0 | D:1      | ringo67 the Vine Stalker Brigand began the quest for the
                  | Orb.
     0 | D:1      | Reached XP level 1. HP: 11/11 MP: 2/2
   451 | D:1      | Reached skill level 5 in Stealth
   461 | D:1      | Slain by a ball python

Illustrated notes

Levels and vault maps discovered:
D:1:      heliophobic_arrival_glass_houses, layout_loops_ring, minivault_19

Skill      XL: |  1 |
---------------+----+-----
Stealth        | 5 |  5.0
Fighting       | |  1.8
Short Blades   | |  1.8
Throwing       | |  1.8
Dodging        | |  0.7

Action                   || total
-------------------------++-------
Melee: Dagger            ||    19
       Bite              ||     5
Throw: Dart              ||     5
 Stab: Sleeping          ||     1
Armor: Robe              ||     4
Dodge: Dodged            ||    12

Table legend: (Time is in decaauts)
 A = Elapsed time spent in this place.
 B = Non-inter-level travel time spent in this place.
 C = Inter-level travel time spent in this place.
 D = Time resting spent in this place.
 E = Time spent auto-exploring this place.
 F = Levels seen in this place.
 G = Mean time per level.
                   A        B        C        D        E       F      G
               +--------+--------+--------+--------+--------+-----+--------+
         Total |    459 |    459 |      0 |    343 |     61 |   1 |  459.0 |
       Dungeon |    459 |    459 |      0 |    343 |     61 |   1 |  459.0 |
               +--------+--------+--------+--------+--------+-----+--------+

Top non-repeatable levels by time:
     D:1: 459 daAuts
